 Dungeon Crawl Stone Soup version 0.17.0-28-g6e173f8 (webtiles) character file.

206 ketsa the Chopper (level 5, 0/46 HPs)
             Began as a Deep Dwarf Fighter on Nov 29, 2015.
             Slain by Barrydekale's ghost (14 damage)
             ... on level 4 of the Dungeon.
             The game lasted 00:04:10 (1376 turns).

ketsa the Chopper (Deep Dwarf Fighter)              Turns: 1376, Time: 00:04:10

Health: 0/46       AC:  8    Str: 20    XL:     5   Next: 53%
Magic:  5/5        EV:  7    Int:  9    God:
Gold:   62         SH:  9    Dex: 12    Spells: 0 memorised, 4 levels left

rFire  . . .     SeeInvis .     a - +0 war axe
rCold  . . .     Clarity  .     b - +0 scale mail
rNeg   . . .     SustAt   .     c - +0 shield
rPois  .         Gourm    .     (no helmet)
rElec  .         Spirit   .     (no cloak)
rCorr  .         Warding  .     p - +0 pair of gloves
rMut   .         Stasis   .     (no boots)
MR     .....                    (no amulet)
Stlth  ..........               (no ring)
                                (no ring)

@: non-regenerating, not resistant to hostile enchantments, extremely unstealthy
A: damage resistance, recharge devices, sense surroundings 1, slow regeneration
3
a: Device Recharging


You were on level 4 of the Dungeon.
You were not hungry.

You visited 1 branch of the dungeon, and saw 5 of its levels.

You collected 62 gold pieces.

Inventory:

Hand Weapons
 a - a +0 war axe (weapon)
 q - a +0 blowgun
Missiles
 n - 24 sling bullets
Armour
 b - a +0 scale mail (worn)
 c - a +0 shield (worn)
 p - a +0 pair of gloves (worn)
 t - a +0 scale mail
Wands
 e - a wand of heal wounds (4)
Scrolls
 i - 2 scrolls of identify {unknown}
 k - a scroll of enchant armour {unknown}
 r - a scroll of enchant weapon {unknown}
 s - a scroll of fog {unknown}
Potions
 d - a potion of might
 g - a potion of lignification {unknown}
 m - 2 potions of curing {unknown}
Comestibles
 f - a bread ration
 h - 10 chunks of flesh
 j - a meat ration
 l - a beef jerky
 o - a royal jelly


   Skills:
 - Level 2.6 Fighting
 * Level 5.7 Axes
 - Level 3.2 Armour
 + Level 4.4 Shields


You had 4 spell levels left.
You didn't know any spells.

Dungeon Overview and Level Annotations

Branches:
Dungeon (5/15)
 Temple: D:4-7

Altars:
Ru

Annotations:
D:3 Terence
D:4 Barrydekale's ghost, novice HOFi


Innate Abilities, Weirdness & Mutations

You are resistant to damage.
You can recharge devices by infusing magical energy.
You passively map a small area around you.
You do not regenerate naturally.


Message History

You block the hound's attack.
You barely miss the hound. You block the hound's attack.
The hound bites you but does no damage.
You slash the hound!
The hound is severely wounded.
You block the hound's attack. The hound bites you.
Your shield prevents you from hitting the hound.
The hound is severely wounded.
Barrydekale's ghost turns its malevolent gaze towards you.
The hound bites you. The hound bites you but does no damage.
You miss the hound.
The hound is severely wounded.
You block the hound's attack. The hound bites you.
You block the hound's attack.
You hit the hound.
You kill the hound!
You slash Barrydekale's ghost!
Barrydekale's ghost is lightly damaged.
Barrydekale's ghost hits you!
You die...

, *
##............#
#.#...#.....## * *
#.#)<.......# *
..####.#...#.#.#.#
, ,,
.......[#)#....#.#
..####...#.#.#.#..
, * #..#.###...# #
* * ##..#.# #.## *
* *#@#.#..,.# *
#....W.##...♣ # *
......### ...≈♣ ,
...... ≈..≈♣ #....
≈ ,.≈≈* ##...* ≈
..≈≈ ##! , * * .#
≈ ≈ ≈ ≈ * *


You could see Barrydekale's ghost.

Vanquished Creatures
  2 orc priests
  A centaur skeleton (D:4)
  A hound (D:4)
  An iguana (D:4)
  An adder (D:4)
  2 oozes
  An adder skeleton (D:4)
  7 orcs
  6 bats
  2 giant cockroaches
  A hobgoblin (D:1)
  2 jackals (D:4)
  A kobold (D:1)
  A ball python (D:3)
  2 giant gecko skeletons (D:4)
  4 goblins
  6 rats
41 creatures vanquished.

Vanquished Creatures (others)
  A plant (D:4)
1 creature vanquished.

Grand Total: 42 creatures vanquished

Notes
Turn   | Place    | Note
--------------------------------------------------------------
     0 | D:1      | ketsa the Deep Dwarf Fighter began the quest for the Orb.
     0 | D:1      | Reached XP level 1. HP: 20/20 MP: 1/1
   253 | D:1      | Reached XP level 2. HP: 27/27 MP: 2/2
   389 | D:3      | Found a sacrificial altar of Ru.
   482 | D:4      | Noticed Barrydekale's ghost (novice HOFi)
   572 | D:4      | Reached skill level 4 in Axes
   572 | D:4      | Reached XP level 3. HP: 31/33 MP: 3/3
   595 | D:4      | Reached XP level 4. HP: 32/40 MP: 4/4
   601 | D:5      | Entered Level 5 of the Dungeon
  1094 | D:3      | Reached skill level 5 in Axes
  1094 | D:3      | Reached XP level 5. HP: 8/46 MP: 5/5
  1229 | D:3      | Noticed Terence
  1376 | D:4      | Slain by Barrydekale's ghost

Action                   |  1- 3 |  4- 6 || total
-------------------------+-------+-------++-------
Melee: War axe           |   101 |    59 ||   160
Evoke: Wand              |       |     1 ||     1
  Eat: Chunk             |       |     2 ||     2
